 Dungeon Crawl Stone Soup version 0.32-a0-571-gec57dfcd37 (webtiles) character file.

Game seed: 16157510010856230942

344 dolemite99 the Conjurer (level 6, 0/41 HPs)
             Began as a Coglin Conjurer on Mar 1, 2024.
             Was a Believer of Cheibriados.
             Slain by an ice beast (13 damage)
             ... on level 5 of the Dungeon.
             The game lasted 00:05:12 (6338 turns).

dolemite99 the Conjurer (Coglin Conjurer)           Turns: 6338, Time: 00:05:13

Health: 0/41       AC:  4    Str: 13    XL:     6   Next: 58%
Magic:  5/12       EV: 12    Int: 24    God:    Cheibriados [**....]
Gold:   201        SH:  0    Dex: 17    Spells: 10/13 levels left

rFire   . . .        s - +0 short sword {Kasem}
rCold   . . .        i - +1 dagger (distort) {Yuphin}
rNeg    . . .        a - +0 robe
rPois   .            (no helmet)
rElec   .            e - +0 cloak
rCorr   .            v - +0 pair of gloves
SInv    .            (no boots)
Will    .....        (amulet unavailable)
Stlth   ++           (ring unavailable)
HPRegen 0.26/turn    (ring unavailable)
MPRegen 0.13/turn    (no gizmo)

%: no passive effects
@: very slow
A: off-hand wielding, slow wielding, warmup strikes, no jewellery
a: Invent Gizmo, Renounce Religion, Bend Time


You were on level 5 of the Dungeon.
You worshipped Cheibriados.
Cheibriados was pleased with you.
You visited 1 branch of the dungeon, and saw 5 of its levels.

You collected 201 gold pieces.

Inventory:

Hand Weapons
 g - a +0 dagger {Haeun}
 h - a +0 club {Liang}
 i - a +1 dagger of distortion (offhand) {Yuphin}
 p - a +0 sling
 s - a +0 short sword (weapon) {Kasem}
Missiles
 t - 5 poisoned darts (quivered)
Armour
 a - a +0 robe (worn)
 e - a +0 cloak (worn)
 v - a +0 pair of gloves (worn)
Magical Staves
 d - a staff of earth
Scrolls
 f - a scroll of immolation
 j - 2 scrolls of blinking {unknown}
 k - 6 scrolls of identify {unknown}
 m - a scroll of fog {unknown}
 n - a scroll of torment {unknown}
 o - a scroll of teleportation
 q - a scroll of amnesia {unknown}
 x - a scroll of noise {unknown}
Potions
 b - 2 potions of curing {unknown}
 c - 3 potions of haste {unknown}
 l - a potion of heal wounds {unknown}
 r - 2 potions of magic
 u - a potion of resistance {unknown}
 w - 2 potions of brilliance {unknown}


   Skills:
 - Level 2.5 Short Blades
 - Level 1.7 Dodging
 - Level 1.5 Stealth
 + Level 4.0 Spellcasting
 - Level 4.9 Conjurations


You had 10 spell levels left.
You knew the following spells:

 Your Spells              Type           Power      Damage    Failure   Level
a - Magic Dart            Conj           100%       1d8       1%          1
b - Searing Ray           Conj           56%        2d6       1%          2

Your spell library contained the following spells:

 Spells                   Type           Power      Damage    Failure   Level
 Blink                    Tloc           8%         N/A       14%         2
 Call Imp                 Summ           8%         N/A       14%         2
 Ensorcelled Hibernation  Hex/Ice        8%         N/A       14%         2
 Fugue of the Fallen      Necr           4%         N/A       28%         3
 Fulminant Prism          Conj/Alch      8%         3d6       34%         4
 Iskenderun's Mystic Bla  Conj/Tloc      16%        2d5       34%         4
 Anguish                  Hex/Necr       2%         N/A       67%         4
 Animate Dead             Necr           4%         N/A       67%         4
 Leda's Liquefaction      Alch/Erth      2%         N/A       67%         4
 Borgnjor's Vile Clutch   Necr/Erth      2%         N/A       95%         5
 Lee's Rapid Deconstruct  Erth           2%         3d4*      95%         5
 Bombard                  Conj/Erth      8%         9d2       99%         6
 Death Channel            Necr           2%         N/A       100%        6


Dungeon Overview and Level Annotations

Branches:
Dungeon (5/15)
 Temple: D:4-7

Altars:
Cheibriados
Kikubaaqudgha

Annotations:
D:3 1 exclusion, Ijyb


Innate Abilities, Weirdness & Mutations

You can wield a second weapon in your off-hand.
It takes a long time for you to wield or remove held weapons.
Your first few attacks do less damage.
You cannot equip rings or amulets.


Message History

The orc priest miscasts a cantrip.
The ice beast attacks as it pursues you!
The ice beast misses you.
Unknown command.
Casting: Magic Dart (safe; 1% risk of failure)
Confirm with . or Enter, or press ? or * to list all spells.
Aiming: Searing Ray (safe; 1% risk of failure)
Press: ? - help, Shift-Dir - straight line, p - ice beast The searing ray hits the ice beast!
The ice beast is moderately wounded. (Press . to maintain the ray.)
The orc priest calls down the wrath of Beogh upon you.
Beogh smites you! The ice beast completely misses you.
The searing ray hits the ice beast.
The ice beast is heavily wounded.
The ice beast completely misses you.
The searing ray hits the ice beast.
The ice beast is heavily wounded.
The searing ray hits the orc priest.
The orc priest is lightly wounded.
The ice beast closely misses you.
The searing ray hits the ice beast.
The ice beast is severely wounded.
The searing ray hits the orc priest.
The orc priest is moderately wounded.
You finish channelling your searing ray.
The ice beast hits you. The ice beast freezes you!
Casting: Searing Ray (safe; 1% risk of failure)
Confirm with . or Enter, or press ? or * to list all spells.
Aiming: Searing Ray (safe; 1% risk of failure)
Press: ? - help, Shift-Dir - straight line The searing ray hits the ice beast.
The ice beast is almost dead.
The searing ray hits the orc priest!
The orc priest is severely wounded. (Press . to maintain the ray.)
The orc priest looks satisfied for a moment.
The ice beast hits you. The ice beast freezes you!
You die...
Cheibriados appreciates the motionlessness of death.

..######.# #.# #.....#.#
#........# #.# #.....#.
#.######.# #.###......
#.(#####..# .....
#.........# ...
#.##)).##.# #.#
#.###)###.####.# #.#
#.....Yo...# #.#
#.###@###### #.###.###.#
###### #.........#
.....# #####.########
####.# #........# # #.#
#.######.# ####.# #.#
#.####
.....#######.######....#
.###...................#


You could see an ice beast and an orc priest.

Vanquished Creatures
  A phantom (D:4)
  A jelly (D:4)
  A hound (D:5)
  An orc wizard (D:5)
  3 gnolls (D:4)
  8 adders
  2 ribbon worms (D:2)
  4 orcs
  7 ball pythons
  8 endoplasms
  4 giant cockroaches (D:1)
  5 goblins
  6 hobgoblins
  4 jackals (D:4)
  7 kobolds
  4 quokkas
  3 bats
  3 frilled lizards
  5 rats
77 creatures vanquished.

Notes
Turn   | Place    | Note
-------+----------+-------------------------------------------
     0 | D:1      | dolemite99 the Coglin Conjurer began the quest for the Orb.
     0 | D:1      | Reached XP level 1. HP: 13/13 MP: 3/3
   439 | D:1      | Reached XP level 2. HP: 18/19 MP: 0/4
  1447 | D:1      | Learned a level 2 spell: Searing Ray
  2017 | D:1      | Reached XP level 3. HP: 24/24 MP: 1/5
  2548 | D:2      | Reached XP level 4. HP: 24/30 MP: 0/6
  2685 | D:2      | Reached skill level 1 in Short Blades
  3351 | D:3      | Found a faded altar of an unknown god.
  3366 | D:3      | Prayed at the altar of an unknown god.
  3366 | D:3      | Became a worshipper of Cheibriados the Contemplative
  3366 | D:3      | Reached * piety under Cheibriados
  3817 | D:3      | Reached XP level 5. HP: 35/35 MP: 2/7
  4449 | D:3      | Noticed Ijyb
  5234 | D:4      | Reached ** piety under Cheibriados
  5388 | D:4      | Noticed a phantom
  5394 | D:4      | Killed a phantom
  5395 | D:4      | Reached XP level 6. HP: 41/41 MP: 0/11
  6073 | D:5      | Entered Level 5 of the Dungeon
  6073 | D:5      | Found an ancient bone altar of Kikubaaqudgha.
  6324 | D:5      | Noticed an ice beast
  6338 | D:5      | Slain by an ice beast

Illustrated notes

Levels and vault maps discovered:
D:1:      shiori_shiawase, layout_rooms
D:2:      layout_basic, minmay_fractal_squares_5
D:3:      layout_loops_ring, basic_ecumenical_altar,
          chequers_serial_rivers_micro_e, minmay_misc_feat_tower, uniq_ijyb
D:4:      layout_basic
D:5:      layout_loops_corners, mainiacjoe_overflow_catwalk,
          general_overflow_altar, minmay_temple_entry_proselytizer

Skill      XL: |  1  2  3  4  5  6 |
---------------+-------------------+-----
Conjurations   | 4 |  4.9
Short Blades   | 2 |  2.5
Spellcasting   | 3 4 |  4.0
Dodging        | |  1.7
Stealth        | |  1.5

Action                     |  1- 3 |  4- 6 || total
---------------------------+-------+-------++-------
  Melee: Unarmed           |    24 |       ||    24
         Dagger            |    13 |    65 ||    78
         Short sword       |       |    38 ||    38
  Throw: Dart              |       |    14 ||    14
   Cast: Magic Dart        |    42 |    43 ||    85
         Searing Ray       |     9 |    10 ||    19
    Use: Scroll            |     2 |       ||     2
         Potion            |     1 |       ||     1
 Armour: Robe              |    44 |    34 ||    78
  Dodge: Dodged            |    54 |    63 ||   117

Table legend: (Time is in decaauts)
 A = Elapsed time spent in this place.
 B = Non-inter-level travel time spent in this place.
 C = Inter-level travel time spent in this place.
 D = Time resting spent in this place.
 E = Time spent auto-exploring this place.
 F = Levels seen in this place.
 G = Mean time per level.
                   A        B        C        D        E       F      G
               +--------+--------+--------+--------+--------+-----+--------+
         Total |   7002 |   6738 |    264 |   3052 |   2820 |   5 | 1400.4 |
       Dungeon |   7002 |   6738 |    264 |   3052 |   2820 |   5 | 1400.4 |
               +--------+--------+--------+--------+--------+-----+--------+

Top non-repeatable levels by time:
     D:1: 2214 daAuts
     D:4: 1860 daAuts
     D:3: 1406 daAuts
     D:2: 1135 daAuts
     D:5: 386 daAuts
